 Dungeon Crawl Stone Soup version 0.30-a0-777-ga9a30cbeda (webtiles) character file.

Game seed: 4769532661170970842

23 Barriton the Firebug (level 2, -2/20 HPs)
             Began as a Draconian Fire Elementalist on Feb 13, 2023.
             Slain by an endoplasm (3 damage)
             ... on level 1 of the Dungeon.
             The game lasted 00:01:36 (873 turns).

Barriton the Firebug (Draconian Fire Elementalist)   Turns: 873, Time: 00:01:37

Health: -2/20      AC:  4    Str: 10    XL:     2   Next: 72%
Magic:  1/5        EV: 12    Int: 15    God:
Gold:   50         SH:  0    Dex: 11    Spells: 3/6 levels left

rFire   . . .      SeeInvis .    (no weapon)
rCold   . . .      Faith    .    (no shield)
rNeg    . . .      Spirit   .    (body armour unavailable)
rPois   .          Reflect  .    (helmet restricted)
rElec   .          Harm     .    (no cloak)
rCorr   .          Rampage  .    (no gloves)
Will    .....                    (no boots)
Stlth   ++                       (no amulet)
HPRegen 0.23/turn                (no ring)
MPRegen 0.09/turn                (no ring)

@: slowed, very slow
A: AC +4, unfitting armour, cold-blooded
a: no special abilities


You were on level 1 of the Dungeon.
You visited 1 branch of the dungeon, and saw 1 of its levels.

You collected 50 gold pieces.

Inventory:

Scrolls
 b - a scroll of poison {unknown}
 c - a scroll of enchant weapon {unknown}
Potions
 a - a potion of magic


   Skills:
 + Level 1.8 Dodging
 + Level 1.9 Stealth
 + Level 2.5 Spellcasting
 + Level 1.2 Conjurations
 + Level 3.3 Fire Magic


You had 3 spell levels left.
You knew the following spells:

 Your Spells              Type           Power      Damage    Failure   Level
a - Foxfire               Conj/Fire      32%        2x1d5     9%          1
b - Scorch                Fire           22%        2d6       9%          2

Your spell library contained the following spells:

 Spells                   Type           Power      Damage    Failure   Level
 Inner Flame              Hex/Fire       6%         N/A       32%         3
 Kindle Blastsparks       Fire/Tloc/Air  10%        2d10      36%         3
 Flame Wave               Conj/Fire      8%         2d5       63%         4


Dungeon Overview and Level Annotations

Branches:
Dungeon (1/15)

Altars:


Innate Abilities, Weirdness & Mutations

Your plain brown scales are hard. (AC +4)
You cannot fit into any form of body armour.
You are cold-blooded and may be slowed by cold attacks.


Message History

The quokka bites you.
The endoplasm hits you but does no damage.
Casting: Foxfire (safe; 9% risk of failure)
Confirm with . or Enter, or press ? or * to list all spells.
You don't have enough magic to cast this spell.
You hit the quokka but do no damage.
The quokka is severely wounded.
The quokka barely misses you. The endoplasm freezes you.
You are frozen.
You feel yourself slow down.
You hit the quokka.
Your tail-slap misses the quokka.
The quokka is almost dead.
The quokka barely misses you. The endoplasm hits you.
The quokka bites you but does no damage.
Casting: Foxfire (safe; 9% risk of failure)
Confirm with . or Enter, or press ? or * to list all spells.
There is not enough space to conjure foxfire!
Unknown command.
You hit the quokka but do no damage. You tail-slap the quokka.
You kill the quokka!
The endoplasm freezes you.
You are frozen.
You feel as though you will be slow longer.
The endoplasm freezes you.
You are frozen.
* * * LOW HITPOINT WARNING * * *
You feel as though you will be slow longer.
Casting: Foxfire (safe; 9% risk of failure)
Confirm with . or Enter, or press ? or * to list all spells.
You don't have enough magic to cast this spell.
Unknown command.
The endoplasm freezes you.
You are frozen.
* * * LOW HITPOINT WARNING * * *
You feel as though you will be slow longer.
You see here a quokka corpse.
The endoplasm hits you.
* * * LOW HITPOINT WARNING * * *
The endoplasm attacks as you move away! The endoplasm hits you.
You die...

#.. #.# #.#.. ... #
#.# #.#.# #§
#.########.#.#
.⌠.##.###........).#.#
..J.r§..#####.........
## #†#####.######.# ..
#.....#.# #.#
#(###.###.#.# #)#
#..@J.# #.#.######.#
#.#.#####..........# #
#.###.....#####..#
#......)..# #..#
#####.#...# #..#
#.#...# #..#
#.##.#...# #... #.
#.#..>...# #..# #.#
#^..#....# #..#


You could see an endoplasm.

Vanquished Creatures
  A dart slug (D:1)
  3 ball pythons (D:1)
  An endoplasm (D:1)
  A giant cockroach (D:1)
  A goblin (D:1)
  3 hobgoblins (D:1)
  3 quokkas (D:1)
  A bat (D:1)
  A frilled lizard (D:1)
  2 kobolds (D:1)
  3 rats (D:1)
20 creatures vanquished.

Vanquished Creatures (others)
  38 foxfires (D:1)
38 creatures vanquished.

Grand Total: 58 creatures vanquished

Notes
Turn   | Place    | Note
-------+----------+-------------------------------------------
     0 | D:1      | Barriton the Draconian Fire Elementalist began the quest
                  | for the Orb.
     0 | D:1      | Reached XP level 1. HP: 14/14 MP: 3/3
   408 | D:1      | Reached XP level 2. HP: 20/20 MP: 1/5
   682 | D:1      | Learned a level 2 spell: Scorch
   872 | D:1      | HP: 1/20 [endoplasm (1)]
   873 | D:1      | Slain by an endoplasm

Illustrated notes

Levels and vault maps discovered:
D:1:      saegor_arrival_simple_b, layout_loops_ring, nicolae_shop_vocational

Action                     || total
---------------------------++-------
  Melee: Unarmed           ||     6
         Tailslap          ||     1
   Cast: Foxfire           ||    38
         Scorch            ||     2
 Armour: Skin              ||     8
  Dodge: Dodged            ||     9

Table legend: (Time is in decaauts)
 A = Elapsed time spent in this place.
 B = Non-inter-level travel time spent in this place.
 C = Inter-level travel time spent in this place.
 D = Time resting spent in this place.
 E = Time spent auto-exploring this place.
 F = Levels seen in this place.
 G = Mean time per level.
                   A        B        C        D        E       F      G
               +--------+--------+--------+--------+--------+-----+--------+
         Total |    875 |    875 |      0 |      0 |    754 |   1 |  875.0 |
       Dungeon |    875 |    875 |      0 |      0 |    754 |   1 |  875.0 |
               +--------+--------+--------+--------+--------+-----+--------+

Top non-repeatable levels by time:
     D:1: 875 daAuts
